 Dungeon Crawl Stone Soup version 0.31.0-9-g3a7656b989 (webtiles) character file.

Game seed: 12662638613550522241

473 qw the Shooter (level 6, -11/30 HPs)
             Began as a Spriggan Hunter on Feb 2, 2024.
             Mangled by an ogre
             ... wielding a +0 giant club
              (26 damage)
             ... on level 4 of the Dungeon.
             The game lasted 00:00:09 (2744 turns).

qw the Shooter (Spriggan Hunter)                    Turns: 2744, Time: 00:00:10

Health: -11/30     AC:  2    Str:  7    XL:     6   Next: 84%
Magic:  7/7        EV: 21    Int: 11    God:
Gold:   203        SH:  0    Dex: 20    Spells: 5/5 levels left

rFire   . . .        a - +0 shortbow (chaos)
rCold   . . .        (shield currently unavailable)
rNeg    + . .        c - +0 robe
rPois   .            (helmet restricted)
rElec   .            (no cloak)
rCorr   .            (gloves unavailable)
SInv    +            (boots unavailable)
Will    +....        (no amulet)
Stlth   ++           f - ring of positive energy
HPRegen 0.25/turn    (no ring)
MPRegen 0.10/turn

%: no passive effects
@: very quick
A: very small, no large weapons, unfitting armour, see invisible, speed 3
a: no special abilities


You were on level 4 of the Dungeon.
You visited 2 branches of the dungeon, and saw 5 of its levels.

You collected 203 gold pieces.


Innate Abilities, Weirdness & Mutations

You are very small and have problems with some larger weapons.
You are too small for most types of armour.
You have supernaturally acute eyesight. (SInv)
You cover ground extremely quickly. (Speed+++)


   Skills:
 - Level 2.1 Fighting
 + Level 6.8 Ranged Weapons
 - Level 6.1 Dodging
 - Level 1.5 Stealth


You had 5 spell levels left.
You didn't know any spells.
Your spell library was empty.

Inventory:

Hand Weapons
 a - a +0 shortbow of chaos (weapon)
Armour
 c - a +0 robe (worn)
Jewellery
 e - a ring of ice
 f - a ring of positive energy (left hand)
Potions
 d - a potion of might
 g - 2 potions of curing
 h - a potion of mutation
 k - a potion of haste

Dungeon Overview and Level Annotations

Branches:
Dungeon (4/15)             Temple (1/1) D:4

Altars:
Ashenzari
Cheibriados
Dithmenos
Elyvilon
Fedhas
Hepliaklqana
Nemelex Xobeh
Qazlal
Ru
Sif Muna
Trog
Uskayaw
Wu Jian
Xom
Yredelemnul
Zin


Message History

You shoot an arrow. The arrow barely misses the adder.
The arrow hits the ogre!
The arrow burns the ogre.
The ogre is heavily wounded.
The adder closely misses you. The adder barely misses you.
You shoot an arrow. The arrow closely misses the adder.
The arrow hits the kobold.
The arrow burns the kobold.
You kill the kobold!
The adder bites you.
You shoot an arrow. The arrow hits the adder.
You kill the adder!
You shoot an arrow. The arrow hits the ogre.
The ogre flies into a frenzy!
The ogre is heavily wounded.
The ogre barely misses you.
An ogre is nearby!
The ogre barely misses you.
An ogre is nearby!
The ogre barely misses you.
An ogre is nearby!
The ogre hits you with a +0 giant club!
Ouch! That really hurt!
An ogre is nearby!
The ogre closely misses you.
An ogre is nearby!
The ogre misses you.
An ogre is nearby!
The ogre completely misses you.
An ogre is nearby!
The ogre misses you.
An ogre is nearby!
The ogre misses you.
An ogre is nearby!
The ogre barely misses you.
An ogre is nearby!
The ogre closely misses you.
An ogre is nearby!
The ogre closely misses you.
An ogre is nearby!
The ogre hits you with a +0 giant club!!
Ouch! That really hurt!
You die...

#.....#........
#.....#........
.#######'####........
..............######+#
##+####.....<...#......#
.... #.........'......+
..... #.........#..##..#
......###'#######..##..#
.!.$.)O@.......#.......#
......#........8>8.....#
..... ###.###..######.##
.... #.# #### .# ##+ ...
+ ...# ...# .##


You could see a neutral ogre (fast, strong, frenzied).

Vanquished Creatures
  Sigmund (D:2)
  An orc priest (D:3)
  A sleepcap (D:3)
  Terence (D:2)
  Natasha (thrice) (D:2)
  2 orc wizards
  5 adders
  2 dart slugs (D:1)
  2 ribbon worms
  9 orcs
  5 ball pythons
  3 endoplasms (D:2)
  2 goblins (D:1)
  3 hobgoblins
  4 quokkas
  7 bats
  2 frilled lizards
  4 kobolds
  2 rats
59 creatures vanquished.

Notes
Turn   | Place    | Note
-------+----------+-------------------------------------------
     0 | D:1      | qw the Spriggan Hunter began the quest for the Orb.
     0 | D:1      | Reached XP level 1. HP: 10/10 MP: 2/2
     0 | D:1      | 0 ||| qw: Version: 0.3-a-155-g5e7d8dd
     0 | D:1      | 0 ||| qw: Game counter: 1750
     0 | D:1      | 0 ||| qw: Melee chars always use a shield: true
     0 | D:1      | 0 ||| qw: God list: Okawaru
     0 | D:1      | 0 ||| qw: Allow faded altars: false
     0 | D:1      | 0 ||| qw: Do Orc after clearing Dungeon:15 true
     0 | D:1      | 0 ||| qw: Do second Lair branch before Depths: true
     0 | D:1      | 0 ||| qw: Lair rune preference: random
     0 | D:1      | 0 ||| qw: Goals: Normal
     0 | D:1      | 0 ||| PLANNING D:1-11
     6 | D:1      | Noticed a wyvern
     6 | D:1      | Noticed a polar bear
     6 | D:1      | Noticed a lindwurm
     7 | D:1      | Noticed a hound
    65 | D:1      | Reached skill level 3 in Dodging
   162 | D:1      | Reached XP level 2. HP: 14/14 MP: 3/3
   453 | D:1      | 453 ||| DROPPING amulet of magic regeneration.
   454 | D:1      | 454 ||| READING scroll labelled PAMYWE HEIN.
   454 | D:1      | 454 ||| ENCHANTING +0 shortbow.
   455 | D:1      | 455 ||| READING scroll labelled ESHRUT GUAFUISI.
   456 | D:1      | 456 ||| READING scroll labelled ENWERIMMYH.
   457 | D:1      | 457 ||| DRINKING 2 viscous green potions.
   510 | D:1      | 510 ||| DROPPING scroll of butterflies.
   511 | D:1      | 511 ||| DROPPING potion of lignification.
   574 | D:2      | Reached XP level 3. HP: 18/18 MP: 4/4
   575 | D:2      | Noticed Terence
   590 | D:2      | Killed Terence
   599 | D:2      | 599 ||| FLEEEEING.
   601 | D:2      | 601 ||| FLEEEEING.
   692 | D:2      | Noticed Natasha
   695 | D:2      | 695 ||| FLEEEEING.
   696 | D:2      | 696 ||| FLEEEEING.
   697 | D:2      | 697 ||| FLEEEEING.
   711 | D:2      | HP: 3/18 [cerulean imp/+2 spear[Natasha] (3)]
   712 | D:2      | Killed Natasha
   713 | D:2      | Reached XP level 4. HP: 4/22 MP: 5/5
   789 | D:2      | Noticed Natasha
   794 | D:2      | Killed Natasha
   830 | D:2      | Identified the +10 spear of Agroyfyd {protect, *Corrode
                  | Will+ Str+3}
  1020 | D:2      | Noticed Natasha
  1025 | D:2      | HP: 1/22 [Natasha/magic dart (8)]
  1027 | D:2      | Killed Natasha
  1028 | D:2      | Reached XP level 5. HP: 2/25 MP: 6/6
  1366 | D:2      | Noticed Sigmund
  1373 | D:2      | Killed Sigmund
  1374 | D:2      | Reached skill level 6 in Ranged Weapons
  1374 | D:2      | Reached XP level 6. HP: 24/30 MP: 7/7
  1419 | D:2      | 1419 ||| READING scroll labelled OJUHYP BATINIO.
  1419 | D:2      | 1419 ||| BRANDING +0 shortbow.
  1420 | D:2      | 1420 ||| READING scroll labelled OTOGUX MEDDINI.
  1420 | D:2      | 1420 ||| IDENTIFYING black potion
  1421 | D:2      | 1421 ||| DRINKING 2 orange potions.
  1822 | D:3      | Reached skill level 6 in Dodging
  2089 | D:3      | Found a faded altar of an unknown god.
  2588 | D:3      | 2588 ||| UPGRADING to ring of positive energy.
  2589 | D:3      | 2589 ||| READING 2 scrolls of identify.
  2589 | D:3      | 2589 ||| IDENTIFYING fuming dark potion
  2590 | D:3      | 2590 ||| READING scroll of identify.
  2590 | D:3      | 2590 ||| IDENTIFYING sedimented inky potion
  2591 | D:3      | 2591 ||| READING scroll labelled XAGUYXUXOSI.
  2592 | D:3      | 2592 ||| READING scroll labelled PYOMICL QIALAM.
  2593 | D:3      | 2593 ||| READING scroll labelled SOTEMPE CAELO.
  2691 | D:4      | Found a staircase to the Ecumenical Temple.
  2692 | D:4      | 2692 ||| PLANNING TEMPLE
  2696 | Temple   | Entered the Ecumenical Temple
  2697 | Temple   | 2697 ||| PLANNING D:1-11
  2744 | D:4      | Mangled by an ogre

Levels and vault maps discovered:
D:1:      onia_arrival_zoo_common, layout_rooms
D:2:      layout_basic, uniq_sigmund, uniq_natasha, uniq_terence
D:3:      layout_basic, ebering_ecumenical_altar_webs
D:4:      minmay_evil_eye, layout_gridville, grunt_temple_overflow_open,
          temple_statues, kennysheep_small_square
Temple:   compressed_dpeg_triangle_lava_temple

Skill      XL: |  1  2  3  4  5  6 |
---------------+-------------------+-----
Dodging        | 3 4 5 6 |  6.1
Ranged Weapons | 5 6 |  6.8
Fighting       | 2 |  2.1
Stealth        | |  1.5

Action                     |  1- 3 |  4- 6 || total
---------------------------+-------+-------++-------
   Fire: Shortbow          |    74 |   120 ||   194
    Use: Scroll            |     3 |     7 ||    10
         Potion            |     1 |     1 ||     2
 Armour: Robe              |    12 |    22 ||    34
  Dodge: Dodged            |    29 |    46 ||    75

Table legend:
 A = Non-vault XP
 B = Vault XP
 C = Vault XP percentage of total XP
 D = Non-vault monster count
 E = Vault monster count
 F = Vault count percentage of total count
                 A         B        C        D         E       F
            +---------+---------+-------+---------+---------+-------
      Total |     367 |     310 |  45.8 |      54 |       5 |   8.5
            +---------+---------+-------+---------+---------+-------
        D:1 |      23 |       0 |   0.0 |      11 |       0 |   0.0
        D:2 |     172 |     294 |  63.1 |      25 |       3 |  10.7
        D:3 |     172 |       0 |   0.0 |      18 |       0 |   0.0
        D:4 |       0 |      16 | 100.0 |       0 |       2 | 100.0
            +---------+---------+-------+---------+---------+-------
